 Dungeon Crawl Stone Soup version 0.31.0-11-ge490571c62 (webtiles) character file.

Game seed: 11247197181469566950

84 Esekla the Grasshopper (level 4, -2/23 HPs)
             Began as a Vine Stalker Warper on Jan 30, 2024.
             Was a Follower of Vehumet.
             Succumbed to a kobold's poison
             ... on level 4 of the Dungeon.
             The game lasted 00:15:32 (3510 turns).

Esekla the Grasshopper (Vine Stalker Warper)        Turns: 3510, Time: 00:15:33

Health: -2/23      AC:  2    Str: 14    XL:     4   Next: 46%
Magic:  6/9        EV: 12    Int: 15    God:    Vehumet [*.....]
Gold:   97         SH:  0    Dex: 13    Spells: 4/8 levels left

rFire   . . .        a - +0 falchion
rCold   . . .        (no shield)
rNeg    . . .        l - +0 robe
rPois   .            (no helmet)
rElec   .            (no cloak)
rCorr   .            (no gloves)
SInv    .            (no boots)
Will    +....        (no amulet)
Stlth   +            (no ring)
HPRegen 1.03/turn    (no ring)
MPRegen 0.11/turn

%: guardian spirit
@: mighty, lethally poisoned (-2 -> -13), enlightened, flying
A: fangs 2, regeneration 1, magic shield, antimagic bite, no potion heal 2,
deterioration 1, subdued magic 1, MP-powered wands
a: Renounce Religion


You were on level 4 of the Dungeon.
You worshipped Vehumet.
Vehumet was aware of your devotion.
You visited 2 branches of the dungeon, and saw 5 of its levels.

You collected 97 gold pieces.

Inventory:

Hand Weapons
 a - a +0 falchion (weapon)
 u - a +0 dagger
Missiles
 i - 6 javelins (quivered)
 x - 5 poisoned darts
Armour
 l - a +0 robe (worn)
Scrolls
 b - a scroll of enchant weapon {unknown}
 c - a scroll of blinking
 h - 2 scrolls of revelation {unknown}
 j - a scroll of summoning {unknown}
 k - 2 scrolls of noise {unknown}
 m - a scroll of teleportation {unknown}
 o - a scroll of identify {unknown}
 r - 2 scrolls of immolation {unknown}
 s - 2 scrolls of vulnerability {unknown}
 t - a scroll of enchant armour {unknown}
 w - a scroll of amnesia {unknown}
Potions
 d - a potion of mutation
 e - a potion of magic {unknown}
 f - a potion of enlightenment
 g - a potion of invisibility {unknown}
 n - a potion of might
 p - a potion of resistance {unknown}
 q - a potion of curing {unknown}
 v - a potion of heal wounds {unknown}


   Skills:
 * Level 2.4 Fighting
 + Level 2.7 Long Blades
 + Level 0.8 Throwing
 - Level 0.7 Armour
 + Level 1.8 Dodging
 + Level 0.5 Stealth
 * Level 2.9 Spellcasting
 * Level 0.3 Conjurations
 + Level 3.2 Translocations


You had 4 spell levels left.
You knew the following spells:

 Your Spells              Type           Power      Damage    Failure   Level
a - Magic Dart            Conj           8%         1d3       14%         1
b - Blink                 Tloc           18%        N/A       7%          2
p - Apportation           Tloc           18%        N/A       4%          1

Your spell library contained the following spells:

 Spells                   Type           Power      Damage    Failure   Level
 Lesser Beckoning         Tloc           18%        N/A       7%          2
 Teleport Other           Tloc           9%         N/A       13%         3
 Jinxbite                 Hex            2%         N/A       26%         2
 Manifold Assault         Tloc           9%         N/A       43%         4
 Vhi's Electric Charge    Tloc/Air       10%        N/A       67%         4
 Alistair's Intoxication  Alch           0%         N/A       99%         5


Dungeon Overview and Level Annotations

Branches:
Dungeon (4/15)             Temple (1/1) D:4

Altars:
Cheibriados
Elyvilon
Fedhas
Hepliaklqana
Kikubaaqudgha
Makhleb
Okawaru
Qazlal
Sif Muna
Uskayaw
Vehumet
Wu Jian
Xom
Yredelemnul
Zin
The Shining One

Shops:
D:4 =

Annotations:
D:3 2 transporters, SmokeWeed's ghost, amateur OpEn
D:4 ogre
Temple 2 transporters


Innate Abilities, Weirdness & Mutations

You have extremely sharp teeth.
Your natural rate of healing is unusually fast.
When hurt, damage is shared between your health and your magic reserves.
Your bite disrupts and absorbs the magic of your enemies.
Potions cannot restore your health.
Your body sometimes deteriorates upon taking damage.
Your spells are a little easier to cast, but a little less powerful.
You expend magic power (3 MP) to strengthen your wands.


Message History

You hit the kobold but do no damage. Your bite misses the kobold.
You feel sick.
You are no longer poisoned.
The kobold closely misses you. x2
You hit the kobold.
The kobold is severely wounded.
The kobold hits you with a +0 dagger of venom.
You closely miss the kobold.
The kobold is severely wounded.
The kobold misses you.
You closely miss the kobold. Your bite misses the kobold.
The kobold is severely wounded.
The kobold hits you with a +0 dagger of venom.
You are poisoned.
You closely miss the kobold. You bite the kobold, but do no damage.
The kobold is severely wounded.
You feel very sick.
The kobold hits you with a +0 dagger of venom.
You are more poisoned.
You barely miss the kobold.
The kobold is severely wounded.
You feel very sick.
The kobold hits you with a +0 dagger of venom.
You are lethally poisoned!
It was a potion of might.
You feel very mighty all of a sudden.
You feel very sick.
The kobold hits you with a +0 dagger of venom.
* * * LOW HITPOINT WARNING * * *
You are more poisoned.
It was a potion of enlightenment.
You feel very buoyant.
You fly up into the air.
* * * LOW HITPOINT WARNING * * *
You feel very sick. The kobold barely misses you.
It was a potion of mutation.
You feel extremely strange.
You feel your magical essence link to the dungeon's wands.
Your connection to magic feels subdued.
You feel yourself wasting away.
You die...

####
####..##
#......#
###..[...##
.....~...#
#.g....#
#.#K~...# ##
#.......##.#
#.#####.#@#
# ##K## #.#
#.# #.# #.#
. #.# . ..
#.# . #.#
#.#


You could see a kobold.

Vanquished Creatures
  An adder (D:3)
  A dart slug (D:3)
  7 orcs
  6 bats
  5 endoplasms
  A giant cockroach (D:2)
  7 goblins
  7 hobgoblins
  3 jackals (D:3)
  5 kobolds
  2 quokkas
  7 ball pythons
  6 frilled lizards
  A rat (D:2)
59 creatures vanquished.

Notes
Turn   | Place    | Note
-------+----------+-------------------------------------------
     0 | D:1      | Esekla the Vine Stalker Warper began the quest for the Orb.
     0 | D:1      | Reached XP level 1. HP: 11/11 MP: 4/4
     2 | D:1      | You fall into a shaft and drop 1 floor!
    96 | D:3      | Found a transporter.
    96 | D:3      | Noticed SmokeWeed's ghost (amateur OpEn)
    97 | D:3      | Noticed a hornet zombie
   121 | D:4      | Found a staircase to the Ecumenical Temple.
   127 | Temple   | Found a transporter.
   127 | Temple   | Found a transporter.
   127 | Temple   | Found a transporter.
   127 | Temple   | Found a transporter.
   127 | Temple   | Entered the Ecumenical Temple
   142 | Temple   | Became a worshipper of Vehumet
   442 | D:2      | Reached XP level 2. HP: 15/15 MP: 1/6
   489 | D:2      | Learned a level 2 spell: Blink
  1022 | D:1      | Found a faded altar of an unknown god.
  1126 | D:1      | Reached XP level 3. HP: 18/18 MP: 7/7
  1617 | D:2      | Learned a level 1 spell: Apportation
  2096 | D:3      | Reached * piety under Vehumet
  2096 | D:3      | Offered knowledge of Magic Dart by Vehumet.
  2101 | D:3      | Learned a level 1 spell: Magic Dart
  2214 | D:3      | Reached XP level 4. HP: 23/23 MP: 9/9
  2358 | D:3      | Found a transporter.
  2435 | D:3      | Found a white marble altar of Elyvilon.
  3337 | D:4      | Found Xisu's Jewellery Shop.
  3418 | D:4      | Noticed an ogre
  3510 | D:4      | Gained mutation: You expend magic power (3 MP) to
                  | strengthen your wands. [potion of mutation]
  3510 | D:4      | Gained mutation: Your spells are a little easier to cast,
                  | but a little less powerful. [potion of mutation]
  3510 | D:4      | Gained mutation: Your body sometimes deteriorates upon
                  | taking damage. [potion of mutation]
  3510 | D:4      | Succumbed to a kobold's poison

Illustrated notes

Levels and vault maps discovered:
D:1:      elethiomel_arrival_infinity_welcomes_careful_drivers,
          layout_loops_ring, chequers_ecumenical_altar_grove,
          serial_bayou_lagoon_b
D:2:      layout_loops_corners
D:3:      layout_basic, elyvilon_altar_1, gammafunk_ghost_mausoleum
D:4:      layout_loops_ring, minmay_temple_entry_hall, serial_rivers,
          chequers_serial_rivers_small_a, chequers_serial_rivers_small_b,
          chequers_serial_rivers_room_a, chequers_serial_rivers_micro_a,
          chequers_serial_rivers_room_a, chequers_serial_rivers_micro_c,
          serial_shops, nicolae_shop_real_fake_doors
Temple:   hellmonk_temple_divided_pantheon

Skill      XL: |  1  2 |
---------------+-------+-----
Fighting       | 2 |  2.4
Long Blades    | 2 |  2.7
Throwing       | |  0.8
Armour         | |  0.7
Dodging        | |  1.8
Stealth        | |  0.5
Spellcasting   | |  2.9
Conjurations   | |  0.3
Translocations | |  3.2

Action                     |  1- 3 |  4- 6 || total
---------------------------+-------+-------++-------
  Melee: Falchion          |   116 |    35 ||   151
         Bite              |    32 |     8 ||    40
         Punch             |     1 |       ||     1
   Cast: Magic Dart        |     4 |    14 ||    18
    Use: Potion            |       |     3 ||     3
   Stab: Sleeping          |     1 |       ||     1
 Armour: Leather armour    |    19 |       ||    19
         Robe              |    58 |    18 ||    76
  Dodge: Dodged            |    71 |    16 ||    87
